 Dungeon Crawl Stone Soup version 0.23.2-1-ga50397a (webtiles) character file.

Game seed: 8645379033570830479

122 troglodite the Sneak (level 4, -8/23 HPs)
             Began as a Spriggan Assassin on May 28, 2019.
             Mangled by an ogre
             ... wielding a +0 giant club
              (31 damage)
             ... on level 4 of the Dungeon.
             The game lasted 00:10:14 (2976 turns).

troglodite the Sneak (Spriggan Assassin)            Turns: 2976, Time: 00:10:15

Health: -8/23      AC:  4    Str:  7    XL:     4   Next: 78%
Magic:  6/6        EV: 18    Int: 12    God:
Gold:   105        SH:  0    Dex: 18    Spells: 5/5 levels left

rFire    + . .     SeeInvis +   a - +2 dagger
rCold    . . .     Gourm    .   (shield restricted)
rNeg     . . .     Faith    .   c - +0 robe
rPois    .         Spirit   .   (helmet restricted)
rElec    .         Reflect  .   d - +1 cloak
rCorr    .         Harm     .   (gloves unavailable)
MR       .....                  (boots unavailable)
Stlth    ++++......             (no amulet)
HPRegen  0.07/turn              o - ring of protection from fire
MPRegen  0.10/turn              (no ring)

@: very quick
A: very small, unfitting armour, see invisible, herbivore, speed 3, slow
metabolism 2
a: no special abilities


You were on level 4 of the Dungeon.
You were not hungry.

You visited 1 branch of the dungeon, and saw 4 of its levels.

You collected 105 gold pieces.

Inventory:

Hand Weapons
 a - a +2 dagger (weapon)
 b - a +0 blowgun
 p - a +2 hunting sling of flaming
Missiles
 e - 8 poisoned needles
 f - 2 curare-tipped needles
 j - 48 stones (quivered)
Armour
 c - a +0 robe (worn)
 d - a +1 cloak (worn)
Jewellery
 o - a ring of protection from fire (left hand)
Wands
 r - a wand of disintegration (13)
Scrolls
 k - a scroll of identify
 u - a scroll of amnesia {unknown}
Potions
 h - 4 potions of brilliance
 i - a potion of heal wounds
 l - a potion of ambrosia
 s - 3 potions of curing
 v - a potion of flight {unknown}
Comestibles
 g - 4 rations


   Skills:
 * Level 2.1 Fighting
 * Level 3.5 Short Blades
 * Level 0.5(1.6) Slings
 + Level 2.0 Throwing
 * Level 2.5 Dodging
 * Level 7.1 Stealth
 - Level 1.3 Spellcasting


You had 5 spell levels left.
You didn't know any spells.
Your spell library was empty.

Dungeon Overview and Level Annotations

Branches:
Dungeon (4/15)
 Temple: D:4-7

Altars:
Qazlal


Innate Abilities, Weirdness & Mutations

You are very small and have problems with some larger weapons.
You are too small for most types of armour.
You have supernaturally acute eyesight. (SInv)
You are a herbivore.
You cover ground extremely quickly.
You need to consume almost no food.


Message History

You barely miss the leopard gecko.
The leopard gecko is lightly wounded.
The leopard gecko misses you.
You hit the leopard gecko but do no damage.
The leopard gecko is lightly wounded.
The leopard gecko misses you.
You barely miss the leopard gecko.
The leopard gecko is lightly wounded.
The leopard gecko barely misses you.
You hit the leopard gecko.
The leopard gecko is moderately wounded.
You hit the leopard gecko.
The leopard gecko is severely wounded.
The leopard gecko barely misses you.
You hit the leopard gecko.
The leopard gecko is almost dead.
The leopard gecko misses you.
The ogre hits you with a +0 giant club!!
Ouch! That really hurt!
You die...

#... #..#
#..# #..#
...#
#######..#
.......lO#
####@#
##....#
#.....####.#
#>.)..<...#
#.....####.#
........#
#########


You could see an ogre and a leopard gecko.

Vanquished Creatures
  4 adders
  2 oozes
  A worm (D:2)
  6 leopard geckos
  A ball python (D:3)
  8 giant cockroaches
  4 goblins
  7 hobgoblins
  4 jackals (D:1)
  A quokka (D:2)
  8 bats
  9 frilled lizards
  6 kobolds
  10 rats
71 creatures vanquished.

Notes
Turn   | Place    | Note
-------+----------+-------------------------------------------
     0 | D:1      | troglodite the Spriggan Assassin began the quest for the
                  | Orb.
     0 | D:1      | Reached XP level 1. HP: 10/10 MP: 2/2
    44 | D:1      | Reached skill level 6 in Stealth
   105 | D:1      | Reached XP level 2. HP: 11/14 MP: 3/3
   194 | D:1      | Reached skill level 1 in Spellcasting
   493 | D:1      | Reached XP level 3. HP: 17/18 MP: 5/5
  1496 | D:2      | Reached XP level 4. HP: 12/23 MP: 6/6
  1929 | D:3      | Reached skill level 7 in Stealth
  2808 | D:3      | Found a stormy altar of Qazlal.
  2969 | D:4      | Noticed an ogre
  2976 | D:4      | Mangled by an ogre

Skill      XL: |  1  2  3  4 |
---------------+-------------+-----
Stealth        | 6 7 |  7.1
Spellcasting   | 1 |  1.3
Dodging        | 2 |  2.5
Short Blades   | 3 |  3.5
Fighting       | 2 |  2.1
Slings         | |  0.5
Throwing       | |  2.0

Action                   |  1- 3 |  4- 6 || total
-------------------------+-------+-------++-------
Melee: Dagger            |   134 |   121 ||   255
  Use: Scroll            |       |     9 ||     9
 Stab: Sleeping          |    16 |     1 ||    17
Armor: Robe              |    22 |    20 ||    42
Dodge: Dodged            |    97 |    85 ||   182
